 Dungeon Crawl Stone Soup version 0.31-a0-818-ge7c7cf74f0 (webtiles) character file.

Game seed: 9320963183586876522

1033 Essalna the Conjurer (level 8, -2/52 HPs)
             Began as a Demonspawn Conjurer on Sept 23, 2023.
             Slain by Pikel
             ... wielding a +0 whip of freezing
              (6 damage)
             ... on level 6 of the Dungeon.
             The game lasted 00:07:36 (5093 turns).

Essalna the Conjurer (Demonspawn Conjurer)          Turns: 5093, Time: 00:07:37

Health: -2/52      AC:  4    Str:  7    XL:     8   Next: 3%
Magic:  17/17      EV: 27    Int: 22    God:
Gold:   268        SH:  0    Dex: 12    Spells: 11/19 levels left

rFire   . . .        o - +3 rapier
rCold   . . .        (no shield)
rNeg    . . .        a - +0 robe
rPois   .            (helmet restricted)
rElec   .            j - scarf {repulsion}
rCorr   .            (no gloves)
SInv    .            (no boots)
Will    +....        l - amulet of the acrobat
Stlth   ++           e - ring of willpower
HPRegen 0.28/turn    (no ring)
MPRegen 0.15/turn

%: repel missiles, acrobat
@: acrobatic
A: horns 1, demonic guardian 1, spiny 1, sharp scales 2
a: no special abilities


You were on level 6 of the Dungeon.
You visited 1 branch of the dungeon, and saw 6 of its levels.

You collected 268 gold pieces.

Inventory:

Hand Weapons
 d - a +0 short sword
 o - a +3 rapier (weapon)
Armour
 a - a +0 robe (worn)
 j - a scarf of repulsion (worn)
Jewellery
 e - a ring of willpower (left hand)
 l - an amulet of the acrobat (around neck)
 p - a ring of fire
 x - a ring of positive energy
Wands
 u - a wand of mindburst (19)
 A - a wand of flame (26)
Scrolls
 c - 2 scrolls of enchant weapon {unknown}
 f - a scroll of enchant armour {unknown}
 g - a scroll of noise {unknown}
 i - 3 scrolls of amnesia {unknown}
 k - 6 scrolls of identify {unknown}
 n - 2 scrolls of immolation {unknown}
 s - a scroll of fear {unknown}
 w - a scroll of teleportation {unknown}
 y - 2 scrolls of blinking {unknown}
Potions
 b - a potion of magic
 h - a potion of mutation {unknown}
 m - 3 potions of heal wounds {unknown}
 q - a potion of resistance
 r - 2 potions of invisibility {unknown}
 t - 2 potions of cancellation {unknown}
 v - a potion of attraction {unknown}
 z - a potion of might {unknown}


   Skills:
 - Level 1.7 Dodging
 - Level 1.7 Stealth
 + Level 6.3 Spellcasting
 + Level 7.7 Conjurations


You had 11 spell levels left.
You knew the following spells:

 Your Spells              Type           Power      Damage    Failure   Level
a - Magic Dart            Conj           100%       1d8       1%          1
b - Searing Ray           Conj           82%        2d7       1%          2
c - Iskenderun's Battles  Conj           41%        2d9       10%         5

Your spell library contained the following spells:

 Spells                   Type           Power      Damage    Failure   Level
 Dazzling Flash           Conj/Hex       48%        N/A       5%          3
 Stone Arrow              Conj/Erth      48%        3d10      5%          3
 Sandblast                Erth           12%        2d6       9%          1
 Blink                    Tloc           12%        N/A       13%         2
 Lesser Beckoning         Tloc           12%        N/A       13%         2
 Passwall                 Tmut/Erth      5%         N/A       13%         2
 Brom's Barrelling Bould  Conj/Erth      24%        2d5       19%         4
 Fulminant Prism          Conj/Hex       12%        3d9       19%         4
 Iskenderun's Mystic Bla  Conj/Tloc      24%        2d7       19%         4
 Gell's Gravitas          Tloc           6%         N/A       26%         3
 Inner Flame              Hex/Fire       6%         N/A       26%         3
 Ozocubu's Armour         Ice            6%         N/A       26%         3
 Teleport Other           Tloc           6%         N/A       26%         3
 Fireball                 Conj/Fire      12%        3d7       45%         5
 Manifold Assault         Tloc           6%         N/A       65%         4
 Metabolic Englaciation   Hex/Ice        3%         N/A       94%         5
 Yara's Violent Unravell  Hex/Tmut       3%         3d4       94%         5
 Conjure Ball Lightning   Conj/Air       12%        3x3d6     95%         6
 Orb of Destruction       Conj           20%        9d8       97%         7
 Simulacrum               Ice/Necr       3%         N/A       100%        6
 Enfeeble                 Hex            3%         N/A       100%        7


Dungeon Overview and Level Annotations

Branches:
Dungeon (6/15)
 Temple: D:4-7

Altars:

Shops:
D:3 [   D:5 ?

Annotations:
D:4 2 transporters
D:6 Pikel


Innate Abilities, Weirdness & Mutations

You have a pair of small horns on your head.
A weak demonic guardian rushes to your aid.
You are partially covered in sharp spines.
You are mostly covered in razor-sharp scales. (AC +2, Slay +2)


Message History

The lemure hits your iron imp. Pikel barely misses you.
Your iron imp hits the lemure!
The lemure dies!
Pikel hits you with a +0 whip of freezing.
Pikel freezes you. The orc priest completely misses you.
Pikel is struck by your spines. Pikel barely misses you.
Your iron imp hits the orc priest.
Pikel is struck by your spines. Pikel completely misses you.
The orc priest invokes the aid of Beogh against you.
Beogh smites you!
* * * LOW HITPOINT WARNING * * *
Your iron imp hits the orc priest but does no damage.
Pikel completely misses you.
The orc priest invokes the aid of Beogh against you.
Pain shoots through your body!
* * * LOW HITPOINT WARNING * * *
Your iron imp closely misses the orc priest.
Pikel hits you with a +0 whip of freezing.
* * * LOW HITPOINT WARNING * * *
Pikel freezes you.
* * * LOW HITPOINT WARNING * * *
The orc priest is struck by your spines.
The orc priest misses you.
Your iron imp barely misses the orc priest.
Pikel completely misses you. The orc priest completely misses you.
Your iron imp disappears in a puff of smoke!
Pikel misses you. The lemure hits you but does no damage.
Pikel is struck by your spines.
Pikel hits you with a +0 whip of freezing.
* * * LOW HITPOINT WARNING * * *
A demonic guardian appears!
Pikel freezes you.
* * * LOW HITPOINT WARNING * * *
The orc priest misses you. The orc priest barely misses you.
Pikel barely misses you. The lemure is struck by your spines.
The lemure misses you.
Your iron imp barely misses the orc priest.
The lemure completely misses you.
Pikel hits you with a +0 whip of freezing.
You die...
Pikel says, "See you in Hell!"

###########.####
#....#.#
####.#.# #.#.#
#.#.# #####
#.#.#......
#.#.#......
#.#o5....#
#.5@Ko.#
######.# ## ..
## ### ... ###


You could see Pikel, a lemure, an orc priest (ally target), an orc and a
friendly iron imp (summoned).

Vanquished Creatures
  Grinder (D:5)
  A lemure (D:6)
  3 scorpions
  A jelly (D:5)
  3 hounds (D:5)
  A gnoll bouda (D:5)
  3 orc priests
  A sleepcap (D:5)
  5 iguanas
  An orc wizard (D:3)
  7 adders
  4 gnolls (D:5)
  A shadow imp (D:5)
  A worm (D:4)
  2 dart slugs
  12 orcs
  7 ball pythons
  2 bats
  8 endoplasms
  A giant cockroach (D:1)
  A goblin (D:1)
  9 hobgoblins
  10 jackals
  5 quokkas
  A frilled lizard (D:1)
  7 kobolds
  3 rats
101 creatures vanquished.

Vanquished Creatures (collateral kills)
  2 lemures (D:6)
  An orc wizard (D:4)
3 creatures vanquished.

Grand Total: 104 creatures vanquished

Notes
Turn   | Place    | Note
-------+----------+-------------------------------------------
     0 | D:1      | Essalna the Demonspawn Conjurer began the quest for the
                  | Orb.
     0 | D:1      | Reached XP level 1. HP: 13/13 MP: 3/3
   295 | D:1      | Gained mutation: You are partially covered in sharp spines.
                  | [demonic ancestry]
   295 | D:1      | Reached XP level 2. HP: 19/19 MP: 1/5
   994 | D:2      | Gained mutation: You are partially covered in razor-sharp
                  | scales. (AC +1, Slay +1) [demonic ancestry]
   994 | D:2      | Reached XP level 3. HP: 24/24 MP: 2/7
  1821 | D:3      | Learned a level 2 spell: Searing Ray
  1951 | D:3      | Gained mutation: A weak demonic guardian rushes to your
                  | aid. [demonic ancestry]
  1951 | D:3      | Reached XP level 4. HP: 30/30 MP: 2/8
  1952 | D:3      | Reached skill level 5 in Conjurations
  2121 | D:3      | Found Uroom's Armour Boutique.
  2590 | D:4      | Gained mutation: You are mostly covered in razor-sharp
                  | scales. (AC +2, Slay +2) [demonic ancestry]
  2590 | D:4      | Reached XP level 5. HP: 12/35 MP: 5/10
  2820 | D:4      | Found a transporter.
  2910 | D:4      | Found a transporter.
  2958 | D:4      | Reached XP level 6. HP: 41/41 MP: 4/12
  3173 | D:4      | Reached skill level 6 in Conjurations
  3433 | D:5      | Entered Level 5 of the Dungeon
  3518 | D:5      | Found Valonam's Magic Scroll Boutique.
  3609 | D:5      | Reached skill level 5 in Spellcasting
  3633 | D:5      | Reached XP level 7. HP: 46/46 MP: 2/14
  4042 | D:5      | Noticed Grinder
  4048 | D:5      | Killed Grinder
  4049 | D:5      | Reached skill level 7 in Conjurations
  4709 | D:5      | Gained mutation: You have a pair of small horns on your
                  | head. [demonic ancestry]
  4709 | D:5      | Reached XP level 8. HP: 52/52 MP: 11/17
  4872 | D:5      | Learned a level 5 spell: Iskenderun's Battlesphere
  5067 | D:6      | Noticed Pikel
  5093 | D:6      | Slain by Pikel

Illustrated notes

Levels and vault maps discovered:
D:1:      minmay_arrival_up_and_down, layout_loops_cross
D:2:      layout_rooms
D:3:      layout_basic, serial_shops, nicolae_shop_back_alley_shop
D:4:      gammafunk_cloud_chamber, layout_cave_pools
D:5:      layout_basic, serial_shops, shop, uniq_grinder
D:6:      layout_basic, kennysheep_diamond, uniq_menkaure, uniq_pikel,
          uniq_crazy_yiuf_cottage

Skill      XL: |  1  2  3  4  5  6  7 |
---------------+----------------------+-----
Spellcasting   | 3 4 5 6 |  6.3
Conjurations   | 5 6 7 |  7.7
Dodging        | |  1.7
Stealth        | |  1.7

Action                     |  1- 3 |  4- 6 |  7- 9 || total
---------------------------+-------+-------+-------++-------
  Melee: Short sword       |    15 |       |       ||    15
         Rapier            |     8 |    13 |       ||    21
   Cast: Magic Dart        |    64 |    88 |    44 ||   196
         Searing Ray       |       |     5 |     5 ||    10
         Iskenderun's Batt |       |       |     1 ||     1
 Armour: Robe              |    15 |    15 |    17 ||    47
  Dodge: Dodged            |    19 |    26 |    49 ||    94

Table legend: (Time is in decaauts)
 A = Elapsed time spent in this place.
 B = Non-inter-level travel time spent in this place.
 C = Inter-level travel time spent in this place.
 D = Time resting spent in this place.
 E = Time spent auto-exploring this place.
 F = Levels seen in this place.
 G = Mean time per level.
                   A        B        C        D        E       F      G
               +--------+--------+--------+--------+--------+-----+--------+
         Total |   5095 |   5008 |     87 |     52 |   4374 |   6 |  849.2 |
       Dungeon |   5095 |   5008 |     87 |     52 |   4374 |   6 |  849.2 |
               +--------+--------+--------+--------+--------+-----+--------+

Top non-repeatable levels by time:
     D:5: 1446 daAuts
     D:3: 1016 daAuts
     D:1: 989 daAuts
     D:4: 799 daAuts
     D:2: 631 daAuts
     D:6: 212 daAuts
